Cogmind - Beta 14 *** ADVENTURER MODE // 2024.10.05 @ 15:03:34 Player: User Result: Self-destructed Performance ------------- Evolutions (1) 500 Regions Visited (2) 400 Robots Destroyed (3) 15 Value Destroyed (30) 30 Prototype IDs (0) 0 Alien Tech Used (0) 0 Bonus (200) 200 TOTAL SCORE: 1145 Bonus ------- Pacifist 200 Cogmind --------- Core Integrity 205/400 Matter 256/300 Energy 68/100 System Corruption 0% Temperature Warm (177) Movement Core (50) Location -9/Materials Parts ------- > --- POWER (1) -------- (None) > --- PROPULSION (3) --- (None) > --- UTILITY (3) ------ Salvage Targeting Computer > --- WEAPON (2) ------- Particle Gun > --- INVENTORY (5) ---- Small Storage Unit Grenade Launcher Peak State ------------ > --- POWER ------------ (None) > --- PROPULSION ------- (None) > --- UTILITY ---------- Sensor Array Salvage Targeting Computer > --- WEAPON ----------- Particle Gun > --- INVENTORY -------- Small Storage Unit Grenade Launcher [Rating: 5] Favorites ----------- Power None Propulsion None Utility Sensor Array Device Sensor Array Processor Salvage Targeting Computer Weapon Particle Gun Energy Gun Particle Gun Build | -11 -10 -9 ------- Run | Yrd Mat Mat Slots Evolved 2 | . . 2 Power . | . . . Propulsion 1 | . . 1 Utility 1 | . . 1 Weapon . | . . . Parts Attached 3 | . . 3 Power . | . . . Engine . | . . . Core . | . . . Reactor . | . . . Propulsion . | . . . Treads . | . . . Leg . | . . . Wheel . | . . . Hover . | . . . Flight . | . . . Utility 2 | . . 2 Device 1 | . . 1 Storage . | . . . Processor 1 | . . 1 Hackware . | . . . Protection . | . . . Artifact . | . . . Weapon 1 | . . 1 Energy Gun 1 | . . 1 Energy Cannon . | . . . Ballistic Gun . | . . . Ballistic Cannon . | . . . Launcher . | . . . Special Weapon . | . . . Impact Weapon . | . . . Slashing Weapon . | . . . Piercing Weapon . | . . . Special Melee Weapon . | . . . Unidentified Prototypes . | . . . Parts Lost 1 | . . 1 Power . | . . . Propulsion . | . . . Utility 1 | . . 1 Weapon . | . . . Highest Loss Streak 1 | . . 1 To Critical Strikes . | . . . Average Slot Usage (%) 7 | . . 11 Device 5 | . . 7 Processor 1 | . . 2 Peak Build Rating 5 | . . 5 Average Rating . | . . 1 On Entrance . | . . . Naked Turns 122 | . 74 48 Heaviest Build 1 | . . 1 Greatest Support 3 | 3 3 3 Greatest Overweight (x) . | . . . Average Overweight (x) . | . . . Largest Inventory Capacity 5 | 5 5 5 Average Capacity 5 | 5 5 5 Most Carried 3 | . 1 3 Average Carried 1 | . . 1 Final Capacity 5 | 5 5 5 Final Carried 2 | . 1 2 Class Distribution -------------------- 100% | Mutant Dominant Class ---------------- Mutant | -10/Materials Mutant | -9/Materials Resources | -11 -10 -9 ----------- Run | Yrd Mat Mat Matter Collected 168 | 168 . . Remotely . | . . . Salvage Created 35 | . . 35 Parts 5 | . . 5 Haulers Intercepted . | . . . Recyclers Shooed . | . . . Parts Field Recycled . | . . . Retrieved Matter . | . . . Parts Self-Destructed . | . . . Prevented . | . . . Kills | -11 -10 -9 ------- Run | Yrd Mat Mat Combat Hostiles Destroyed 3 | . . 3 Guns 3 | . . 3 Classes Destroyed 1 | . . 1 Swarmer 3 | . . 3 Best Kill Streak 3 | . . 3 Combat Bots Only 3 | . . 3 Max Kills in Single Turn 1 | . . 1 Gunslinging . | . . . Exploded . | . . . Melee . | . . . Uniques/NPCs Destroyed . | . . . Combat | -11 -10 -9 -------- Run | Yrd Mat Mat Hostile Shots Fired 42 | . 2 40 Missed 10 | . 1 9 Damage Taken 284 | . 8 276 Core 203 | . 8 195 Absorbed by Shields . | . . . Ignored by Resistances 84 | . 2 82 Core Remaining (%) 98 | 100 96 . Volleys Fired 10 | . . 10 Largest 1 | . . 1 Hottest 65 | . . 65 Shots Fired 10 | . . 10 Gun 10 | . . 10 Cannon . | . . . Launcher . | . . . Special . | . . . Kinetic . | . . . Thermal 10 | . . 10 Explosive . | . . . Electromagnetic . | . . . Robot Hit Streak 2 | . . 2 Robot Miss Streak 1 | . . 1 Penetration Max . | . . . Secondary Targets . | . . . Shots Hit Robots 6 | . . 6 Core Hits 3 | . . 3 Critical Kills . | . . . Critical Parts Destroyed . | . . . Critical Strikes 1 | . . 1 Burn 1 | . . 1 Melee Attacks . | . . . Impact . | . . . Slashing . | . . . Piercing . | . . . Sneak Attacks . | . . . Combat Hostiles . | . . . Follow-up Attacks . | . . . Damage Inflicted 124 | . . 124 Guns 113 | . . 113 Cannons . | . . . Explosions . | . . . Melee . | . . . Ramming 11 | . . 11 Kinetic . | . . . Thermal 113 | . . 113 Explosive . | . . . Electromagnetic . | . . . Impact . | . . . Slashing . | . . . Piercing . | . . . Highest Corruption . | . . . Average Corruption . | . . . Corruption Purged . | . . . Corruption Blocked . | . . . Overload Shots . | . . . Overflow Damage . | . . . Projectiles . | . . . Explosions . | . . . Melee . | . . . Knockbacks . | . . . Impact . | . . . Kinetic . | . . . Secondary . | . . . Self-Inflicted Damage 5 | . . 5 Shots . | . . . Rammed 4 | . . 4 Targets Rammed 4 | . . 4 Kicked . | . . . Crushed . | . . . Highest Temperature 171 | . . 171 Average Temperature 85 | . . 85 Received Heat Transfer 87 | . . 87 Siege Activations . | . . . Robots Corrupted . | . . . Combat Hostiles . | . . . Parts Fried . | . . . Impact Corruptions . | . . . Robots Melted . | . . . Combat Hostiles . | . . . Parts Melted 1 | . . 1 Heat Transferred 333 | . . 333 Parts Sabotaged . | . . . Parts Stolen . | . . . Parts Stripped . | . . . Power Chain Reactions . | . . . Alert | -11 -10 -9 ------- Run | Yrd Mat Mat Peak Influence 306 | . 60 306 Initial 21 | . . 21 Average 81 | . 8 128 Maximum Alert Level 1 | . . 1 Low Security (%) 84 | 100 100 74 Level 1 15 | . . 25 Level 2 . | . . . Level 3 . | . . . Level 4 . | . . . Level 5 . | . . . High Security . | . . . Max Security . | . . . Squads Dispatched 1 | . . 1 Investigation . | . . . Extermination . | . . . Reinforcement 1 | . . 1 Assault . | . . . Garrison . | . . . Intercept . | . . . Searches Triggered . | . . . Construction Impeded . | . . . Haulers Reinforced . | . . . Active Scanning Responses . | . . . Cargo Convoy Interrupts . | . . . Stealth | -11 -10 -9 --------- Run | Yrd Mat Mat Distress Signals 5 | . 1 4 Communications Jammed . | . . . Distress Signals . | . . . Times Spotted 24 | . 6 18 Peak Tracking Total 10 | . 7 10 Tactical Retreats 5 | . 1 4 Traps | -11 -10 -9 ------- Run | Yrd Mat Mat Traps Triggered 1 | . . 1 Indirectly . | . . . Trap Hack Attempts . | . . . Triggered . | . . . Disarmed . | . . . Reprogrammed . | . . . Reused . | . . . Traps Extracted . | . . . Installed . | . . . Triggered . | . . . Machines | -11 -10 -9 ---------- Run | Yrd Mat Mat Machines Disabled . | . . . Max in Single Turn . | . . . Machines Repaired . | . . . Machines Dismantled . | . . . Machines Sabotaged . | . . . Overloaded Fab Kills . | . . . Hacking | -11 -10 -9 --------- Run | Yrd Mat Mat Machines Accessed . | . . . Terminals . | . . . Fabricators . | . . . Repair Stations . | . . . Recycling Units . | . . . Scanalyzers . | . . . Garrison Access . | . . . Total Hacks . | . . . Successful . | . . . Failed . | . . . Catastrophic . | . . . Database Lockouts . | . . . Manual . | . . . Terminals . | . . . Fabricators . | . . . Repair Stations . | . . . Recycling Units . | . . . Scanalyzers . | . . . Garrison Access . | . . . Terminal Hacks . | . . . Fabricator Hacks . | . . . Repair Station Hacks . | . . . Recycling Unit Hacks . | . . . Scanalyzer . | . . . Garrison Access Hacks . | . . . Unauthorized Hacks . | . . . Terminals . | . . . Fabricators . | . . . Repair Stations . | . . . Recycling Units . | . . . Scanalyzers . | . . . Garrison Access . | . . . Data Cores Recovered . | . . . Used . | . . . Hacking Detections . | . . . Full Trace Events . | . . . Feedback Events . | . . . Feedback Blocked . | . . . Robot Schematics Acquired . | . . . Robots Built . | . . . Authchips . | . . . Time . | . . . Total Robot Build Rating . | . . . Part Schematics Acquired . | . . . Parts Built . | . . . Authchips . | . . . Time . | . . . Total Part Build Rating . | . . . Parts Repaired . | . . . Time . | . . . Parts Recycled . | . . . Recycled Matter . | . . . Retrieved Matter . | . . . Retrieved Components . | . . . Parts Scanalyzed . | . . . Part Schematics Acquired . | . . . Parts Damaged . | . . . Bothacking | -11 -10 -9 ------------ Run | Yrd Mat Mat Used RIF Installer . | . . . Robots Hacked . | . . . Non-combat . | . . . Combat . | . . . Robot Hacks Applied . | . . . Relay Couplers Released . | . . . Fabnet Peak Effective % . | . . . Robots Rewired . | . . . Allies Hacked . | . . . Hacks Repelled . | . . . Allies | -11 -10 -9 -------- Run | Yrd Mat Mat Total Allies . | . . . Largest Group . | . . . Highest-Rated Group . | . . . Highest-Rated Ally . | . . . Total Orders . | . . . Ally Attacks . | . . . Total Damage . | . . . Kills . | . . . Allies Corrupted . | . . . Allies Melted . | . . . Intel | -11 -10 -9 ------- Run | Yrd Mat Mat Robot Analysis Total . | . . . Derelict Logs Recovered . | . . . Drone Launches . | . . . Drone Recoveries . | . . . Exploration | -11 -10 -9 ------------- Run | Yrd Mat Mat Turns Passed 265 | 29 74 162 Spaces Moved 442 | 54 146 242 Core 442 | 54 146 242 Treads . | . . . Legs . | . . . Wheels . | . . . Hover . | . . . Flight . | . . . Fastest Speed 50 | 50 50 50 Average Speed 50 | 50 50 50 Slowest Speed 50 | 50 50 50 Overloaded Moves . | . . . Propulsion Burnouts . | . . . Robots Hopped . | . . . Cave-ins Triggered . | . . . Exploration Rate (%) 26 | 3 37 39 Regions Visited 2 Branch Regions . Pre-discovered Areas . | . . . Known Exits Taken . | . . . Unknown Exits Taken 2 | 1 1 . Scrap Searched . | . . . Spaces Dug . | . . . Terrain Destroyed . | . . . Melee . | . . . Projectile . | . . . AOE . | . . . Terrain Rammed . | . . . Walls Destroyed . | . . . Machines Disabled . | . . . Actions | -11 -10 -9 --------- Run | Yrd Mat Mat Total 474 | 55 146 273 Wait 12 | 2 . 10 Move 440 | 53 145 242 Hop . | . . . Pick Up 5 | . 1 4 Fast Attach . | . . . Attach 3 | . . 3 Detach . | . . . Swap . | . . . Drop . | . . . Fire 10 | . . 10 Melee . | . . . Ram 4 | . . 4 Kick . | . . . Crush . | . . . Escape Stasis . | . . . Rewire . | . . . Trap . | . . . Miscellaneous . | . . . Route ------- -11/Scrapyard -10/Materials -9/Materials History --------- Turn | Location | Event 5 | -11/Scrapyard | Discovered new exit (range 15) 30 | -11/Scrapyard | Entered Materials 96 | -10/Materials | Discovered new exit (range 15) 104 | -10/Materials | Entered another Materials area 104 | -9/Materials | Evolved 2 slots: Propulsion x1, Utility x1 266 | -9/Materials | Self-destructed Last Messages --------------- 00234_ Acquired Salvage Targeting Computer. 00240_ O-16 Technician: "IFF HANDSHAKE FAILED. SECURING TERMINAL." 00240_ O-16 Technician distress signal alerts nearby ally. 00244_ Acquired Particle Gun. 00248_ K-01 Serf collects debris. 00248_ S-10 Pest destroyed. 00249_ ALERT: Hostiles spotted, dispatching reinforcements to Terminal M007. 00251_ K-01 Serf collects debris. 00252_ S-10 Pest suffers critical hit (Burn). 00252_ Flight Unit melted. 00252_ S-10 Pest destroyed. 00254_ K-01 Serf collects debris. 00259_ Critical hit (Burn: +37). 00261_ K-01 Serf collects debris. 00262_ Sensor Array destroyed. 00264_ S-10 Pest destroyed. 00266_ K-01 Serf collects debris. Map ----- +----------------------------------------------------+ | | | | | | | | | | | | | | | | | | | | | ?????????????????????????????????????????????????? | | ?????????????????????????????????????????????????? | | ?????????????????????????????????????????????????? | | ?????????????????????????????????????????????????? | | ?????????????????????????????????????????????????? | | ?????????????????????????????????????????????????? | | ???????????????????????????######????????????????? | | ?????????????????########### #????????????????? | | ?????????????????# = T # #????????????????? | | ?????????????????# """ # #????????????????? | | ?????????????????# """ # #????????????????? | | ?????????????????# """ # #????????????????? | | ?????????????????# # #????????????????? | | ?????????????????# g # #???????#????????? | | ?????????????????# ! gk=[ # #?????""#????????? | | ?????????????????# Y%@ # #??? """#????????? | | ?????????????????#####+######+#### """#????????? | | ????????????????????# + #????????? | | ????????????????????# #################????????? | | ?????????############ # #??????????????? | | ????????# # "" ???????????????? | | ????????# # ""S #??????????????? | | ????????# !! # "" #??????????????? | | ????????# ! + ########???????? | | ?????????/##+# # """ ] # ????????? | | ?????????????# # """ # """ ????????? | | ?????????????# """" "# """ # R"?????????? | | ?????????????# """" T#+######### """?????????? | | ?????????????# """" "# #????????? ??????????? | | ?????????????#?? # #????????? ??????????? | | ???????????????? # ###########/#??????????? | | ??????????????? ####### #??????????? | | ??????????????? ??????#+########### #??????????? | | ??????????????? ?????? #??? ???# #??????????? | | ?????????????? ?????? #???""""??# #??????????? | | ????????????????????? #??"""""??# #??????????? | | ????????????????????#######??""""" ## ##?????????? | | ?????????????????????????????""""" # #???????? # | | ?????????????????????????????""""" + #####???# # | | ?????????????????????????????""""" # ## #??# # | +----------------------------------------------------+ Best States ------------- Heat Dissipation 28 Energy Generation 5 Energy Capacity 100 Matter Stores 271 Matter Capacity 300 Sight Range 16 Robot Scan Range 14 Terrain Scan Density 10 Resistance: KI 20 Resistance: TH 20 Resistance: EX 20 Resistance: EM 20 Resistance: I 20 Resistance: S 20 Resistance: P 20 Evasion (%) 50 Salvage Targeting 1 Offensive Hacking 10 Item Schematics ----------------- None Robot Schematics ------------------ None Fabricated ------------ Nothing Alien Tech Used ----------------- None Achievements -------------- None Challenges ------------ None Game ------ Seed LongswordThermicCanceller Manual? 0 Play Time 00:10:17 Cumulative 202.2 hours Start 2024.08.10 @ 18:13:39 End 2024.10.05 @ 15:03:34 Sessions 2 Manual Loads 0 Difficulty Adventurer Special Mode None Game No. 165 Rogue 91 Adventurer 74 Explorer 0 Win Type - Total 14 Types 10/1/0/3/0/0/0/0/0 Lore% 54 Gallery% 76 Achievement% 70 Wizard Run 0 Options --------- Layout 1 ASCII 0 Keyboard 0 Movement Mouse Keybinds 0 Fullscreen 2 Font 24/Terminus Map View 50x35 Zoom Use 0% Tactical HUD 1 Map Filters NONE Filters NONE Steam 1 RUN: a2ccab90-7cfb-4071-a40d-1cc929ab67d4